[Event "*** MasterClass Titled Tuesday Blitz"]
[Site "Chess.com"]
[Date "2017.08.01"]
[Round "3"]
[White "pawnwonder"]
[Black "HouseOfDurin"]
[Result "1-0"]
[WhiteElo "1881"]
[BlackElo "1854"]
[TimeControl "180+2"]
[EndTime "13:40:22 PDT"]
[Termination "pawnwonder won on time"]

1. e4 c5 2. Nf3 Nc6 3. Bb5 g6 4. Bxc6 bxc6 5. O-O Bg7 6. Re1 e5 7. d3 Ne7 8. Be3 d6 9. c3 O-O 10. Nbd2 f5 11. Nf1 f4 12. Bd2 h6 13. b4 cxb4 14.
cxb4 g5 15. Bc3 Ng6 16. N3d2 g4 17. Rc1 Be6 18. Bb2 Qb6 19. Nc4 Bxc4 20. Rxc4 d5 21. exd5 cxd5 22. Rc5 Qxb4 23. Qc1 Rad8 24. Ba3 Qd4 25.
Rc7 Rfe8 26. Qc6 Ne7 27. Rxe7 Rxe7 28. Bxe7 Rb8 29. Qe6+ Kh8 30. Bf6 Rb2 31. Bxg7+ Kxg7 32. Qe7+ Kg6 33. Qe6+ Kh7 34. Qf7+ Kh8 35. Qf8+ Kh7 36. Qf5+ Kh8 37. Qxe5+ Qxe5 38. Rxe5 Rxa2 39. Rxd5 Kg7 40. Rd4 h5 41. Rxf4 a5 42. f3 gxf3 43. gxf3 a4 44. Ne3 a3 45. Ra4 Ra1+ 46. Kf2 a2 47. Kg2 Rd1 48. Rxa2 Rxd3 49. Nf5+ Kf6 50. Ng3 Rd5 51. f4 h4 52. Ra6+ Kg7 53. Ne4 Rd3 54. Rc6 Kf7 55.
Rc3 Rd4 56. Ng5+ Kg6 57. Kf3 Kh5 58. Ke3 Rd1 59. h3 Rg1 60. Kf3 Rg3+ 61. Ke4 Rxc3 62. Kf5 Rc5+ 63. Ke4 Ra5 64. Ne6 Ra1 65. f5 Re1+ 66.
Kf4 1-0

[Event "*** MasterClass Titled Tuesday Blitz"]
[Site "Chess.com"]
[Date "2017.08.01"]
[Round "3"]
[White "Rsnr"]
[Black "Spartakus1975"]
[Result "1-0"]
[WhiteElo "2531"]
[BlackElo "2541"]
[TimeControl "180+2"]
[EndTime "13:40:37 PDT"]
[Termination "Rsnr won by resignation"]

1. d4 d5 2. c4 c6 3. Nf3 Nf6 4. Nc3 a6 5. cxd5 cxd5 6. Bf4 Nc6 7. Ne5 Qb6 8. Nxc6 bxc6 9. f3 Qxb2 10. Na4 Qb4+ 11. Kf2 Nd7 12. Rb1 Qa5 13. Qc2 c5 14. Nxc5 Nxc5 15. Qxc5 Qxc5 16. dxc5 f6 17. c6 e5 18. Bd2 Bd6 19. e3 O-O 20. Bd3 Be6 21. Ba5 Rfc8 22. Rhc1 f5 23. c7 e4 24. Be2 Bd7 25.
Rb7 Kf7 26. g3 Ke6 27. f4 h6 28. Rc2 g5 29. Rb6 Ke7 30. Bxa6 Rxc7 31. Rxc7 Bxc7 32.
Bb4+ Kd8 33. Rxh6 gxf4 34. gxf4 d4 35. Rh8+ Be8 36. Bb5 Rxa2+ 37. Kg3 Bb6 38. Rxe8+ Kc7 39. exd4 Bxd4 40. Re7+ Kb6 41. Bd7 Bf2+ 42. Kh3 Bg1 43. Kh4 Rxh2+ 44. Kg5 e3 45. Kxf5 e2 46. Be1 Bc5 47.
Re6+ Kc7 48. Bb5 Bd6 49. Bxe2 Rh8 50. Ba5+ Kc6 51. Bf3+ Kc5 52. Bb4+ Kxb4 53. Rxd6 Kc5 54. Rd5+ Kc4 55. Rd6 Kc5 56. Re6 Kd4 57. Bc6 Rf8+ 58. Rf6 Rc8 59. Kg6 Ke3 60. Bd5 Rc5 61. Be6 Kf3 62.
f5 Kf4 63. Rf8 Rc6 64. Re8 Ra6 65. Kf7 Rb6 66. Rc8 Kg5 67. Bd7 Rf6+ 68. Ke7 Rb6 69. Rg8+ Kh6 70. f6 Kh7 71. Rg2 Ra6 72. f7 Rh6 73. Rg7+ Kxg7 74. f8=Q+ Kg6 75. Bf5+ Kg5 76. Qg7+ 1-0

[Event "*** MasterClass Titled Tuesday Blitz"]
[Site "Chess.com"]
[Date "2017.08.01"]
[Round "3"]
[White "BilodeauA"]
[Black "DrHolmes13"]
[Result "1-0"]
[WhiteElo "2600"]
[BlackElo "2360"]
[TimeControl "180+2"]
[EndTime "13:40:52 PDT"]
[Termination "BilodeauA won by resignation"]

1. e4 c6 2. d4 d5 3. e5 Bf5 4. Nf3 e6 5. Be2 Ne7 6. O-O c5 7. c3 Nec6 8. Be3 Nd7 9. Nbd2 Be7 10. Ne1 Qb6 11. Qb3 cxd4 12. Qxb6 Nxb6 13. cxd4 O-O 14. f4 Bb4 15. Nef3 Na4 16. b3 Nc3 17. Kf2 Ba3 18.
Nh4 Bc2 19. Nhf3 Bb2 20. Rac1 Nb4 21. a4 Rac8 22. Rce1 Nxe2 23. Rxe2 Bd3 24. Ne1 Bxe2 25. Kxe2 Nc2 26. Nef3 h6 27. Bf2 Nb4 28. g4 Na2 29. f5 Nc1+ 30. Kd1 Rc3 31. Bg1 Rfc8 32. g5 exf5 33.
gxh6 g6 34. Ng5 Nxb3 35. Nxb3 Rxb3 36. h7+ Kg7 37. Rf4 Bc1 38. h8=Q+ Rxh8 39. Kxc1 Rb4 40. h4 Rxa4 41. e6 fxe6 42. Kb2 Kf6 43. Rf1 Rb4+ 44. Ka3 Rc4 45. Re1 Rc6 46. Bf2 b5 47. Bg3 Rhc8 48.
Be5+ Ke7 49. h5 Ra6+ 50. Kb3 gxh5 51. Rh1 b4 52. Rxh5 Rc3+ 53. Kb2 Rac6 54. Rh7+ Kf8 55. Rf7+ Ke8 56. Rxa7 b3 57. Nxe6 Rc2+ 58. Kxb3 R2c3+ 59. Kb4 R3c4+ 60. Kb5 Rxe6 61. Rh7 Re7 62. Rh8+ Kd7 63. Rh6 Re6 64. Rh7+ Ke8 65. Rh5 Rc1 66. Rxf5 Re7 67.
Bd6 Rb7+ 68. Ka6 Rb3 69. Rxd5 Kf7 70. Be5 Ke6 71. Ra5 Rc6+ 72. Ka7 Kd7 73. Rd5+ Ke6 74. Ra5 Kd7 75. d5 Rc4 76. Ra6 Rbb4 77. Rd6+ Ke7 78.
Rh6 Rc2 79. Bd6+ Kd7 80. Bxb4 Rc4 81. Rb6 Rc7+ 82. Rb7 1-0

[Event "*** MasterClass Titled Tuesday Blitz"]
[Site "Chess.com"]
[Date "2017.08.01"]
[Round "3"]
[White "chesswooog"]
[Black "silverback96"]
[Result "0-1"]
[WhiteElo "2194"]
[BlackElo "2123"]
[TimeControl "180+2"]
[EndTime "13:40:54 PDT"]
[Termination "silverback96 won by resignation"]

1. e4 e6 2. d4 d5 3. e5 c5 4. c3 Qb6 5. a3 c4 6. Nd2 Bd7 7. b4 cxb3 8. Qxb3 Qxb3 9. Nxb3 Ba4 10.
Nc5 Bxc5 11. dxc5 Nc6 12. Nf3 O-O-O 13. Bf4 f6 14. Bd3 g5 15. Bg3 g4 16. Nd2 fxe5 17.
Be2 h5 18. h3 Nh6 19. Bh4 Rdf8 20. Bg5 g3 21. fxg3 Nf5 22. Nf1 Rhg8 23. h4 e4 24. Rb1 Bc2 25. Rb2 Bd3 26. Bxh5 Ne5 27. Be2 Bxe2 28.
Kxe2 Nd3 29. Rb5 Kc7 30. Bf4+ e5 31. Bg5 d4 32. Rb3 dxc3 33. Rxc3 Nd4+ 34. Ke3 Nf2 35. Rg1 Nd1+ 36. Kxe4 Nxc3+ 37. Kxe5 Nde2 38. Rh1 Re8+ 39. Kf5 Rgf8+ 40. Kg4 Re4+ 41. Kh3 Rf2 42. Nd2 Re5 43. Nf3 Rxc5 44. Be3 Rxf3 45. gxf3 Rd5 46. Re1 Rd3 47. Bf2 Rxf3 48. Kg2 Rf7 49. Be3 Rg7 50. Bg5 Kc6 51.
Kf3 Nd4+ 52. Kg4 Nd5 53. Rc1+ Kd7 54. Kh3 Nc6 55. Rd1 Ke6 56. g4 Ne5 57. Re1 b5 58. Kg3 a5 59. Kh3 b4 60. axb4 axb4 61. Re4 b3 62. Re2 Rb7 63. Rb2 Nc4 64. Re2+ Kd7 65. Re1 b2 66. h5 b1=Q 67. Rxb1 Rxb1 68. Kg3 Rb3+ 69. Kf2 Ne5 0-1

[Event "*** MasterClass Titled Tuesday Blitz"]
[Site "Chess.com"]
[Date "2017.08.01"]
[Round "3"]
[White "Bengalas"]
[Black "Jospem"]
[Result "0-1"]
[WhiteElo "2427"]
[BlackElo "2616"]
[TimeControl "180+2"]
[EndTime "13:41:05 PDT"]
[Termination "Jospem won on time"]

1. d4 Nf6 2. c4 e6 3. Nc3 Bb4 4.
Qc2 b6 5. Nf3 Bb7 6. g3 c5 7.
dxc5 bxc5 8. Bg2 O-O 9. O-O d6 10. Rd1 Qe7 11. b3 Bxc3 12. Qxc3 Nc6 13. Bf4 Rfd8 14.
a3 h6 15. b4 e5 16. Be3 Nd4 17.
Kf1 Nxf3 18. Bxf3 Bxf3 19. exf3 cxb4 20. axb4 d5 21. Bc5 Qe6 22. Rxa7 Rxa7 23. Bxa7 Ra8 24. Bc5 dxc4 25. Rc1 e4 26. Kg2 Ra2 27. Qxc4 exf3+ 28. Kxf3 Qf5+ 29. Kg2 Rb2 30. Be3 Ng4 31. Qc8+ Qxc8 32.
Rxc8+ Kh7 33. Bc5 f5 34. h3 Nf6 35. Rb8 Nd5 36. b5 Rc2 37. Bd4 Rc4 38. Be3 Rc2 39.
Kf3 Rb2 40. b6 Rb3 41. b7 Nf6 42. Kg2 Nd7 43. Rd8 Rxb7 44. Bd4 Kg6 45. h4 Kf7 46.
Be3 Nf6 47. Bd4 Ne4 48. Ra8 Rd7 49. Be3 Nf6 50. Ra6 Ng4 51. Bc5 Rc7 52. Bd4 Rd7 53. Bc5 Rd5 54. Ra7+ Kg8 55. Be3 Rb5 56. Bd4 Ne5 57.
Bxe5 Rxe5 58. Kf3 Rd5 59. Kg2 Kh7 60. Kf3 Kg6 61. Kg2 Rd3 62. Kg1 Kf6 63. Kg2 g5 64. Ra6+ Kg7 65. hxg5 hxg5 66. Rb6 Kf7 67. Ra6 Rc3 68. Rb6 Rc5 69. Ra6 Re5 70. Rb6 Re4 71.
Ra6 g4 72. Rb6 Re6 73. Rxe6 Kxe6 74. f3 Ke5 75. fxg4 fxg4 76. Kf1 Kd4 77. Ke2 Ke4 78. Kf2 Kd3 79. Kf1 Ke3 80. Ke1 Kf3 81. Kf1 Kxg3 82. Kg1 Kh3 83. Kh1 g3 84. Kg1 g2 0-1

[Event "*** MasterClass Titled Tuesday Blitz"]
[Site "Chess.com"]
[Date "2017.08.01"]
[Round "3"]
[White "Cruel_Yaro"]
[Black "Fins0905"]
[Result "1-0"]
[WhiteElo "2583"]
[BlackElo "2390"]
[TimeControl "180+2"]
[EndTime "13:41:49 PDT"]
[Termination "Cruel_Yaro won on time"]

1. d4 d5 2. c4 c6 3. Nc3 Nf6 4. Nf3 dxc4 5. a4 Bf5 6. Ne5 Nbd7 7. Nxc4 Nb6 8. Ne5 a5 9. f3 Nfd7 10. Nxd7 Nxd7 11. e4 Bg6 12. Be2 e6 13. O-O Be7 14. Be3 O-O 15. Qb3 Qb6 16. Qxb6 Nxb6 17. d5 Nd7 18.
Rfd1 exd5 19. exd5 Bc5 20. Bf2 Bxf2+ 21. Kxf2 Nc5 22. Bc4 Rab8 23. Rd2 Rfc8 24. Rad1 Kf8 25. Ke3 h6 26. g4 f6 27. d6 Re8+ 28. Kf2 Red8 29.
Ne2 Bf7 30. Bxf7 Kxf7 31. Ng3 Nxa4 32. Nf5 g6 33. Nxh6+ Kg7 34. g5 Nc5 35. Re2 fxg5 36. Ng4 Re8 37. Rc2 Nd7 38. Rc3 Re6 39. Ra3 b6 40. b4 axb4 41. Ra7 Rd8 42. Rc7 c5 43. Ne3 Kf8 44. Nc4 b3 45. Rb1 b5 46. Ne3 c4 47.
Rb7 Nc5 48. Rxb5 Nd3+ 49. Ke2 Rdxd6 50. Rxg5 Rd7 51. Rg4 Rde7 52. Re4 Rxe4 53. fxe4 Rxe4 54. Kd2 Rxe3 55. Kxe3 Kg7 56. Kd4 Kh6 57. Kxc4 Ne5+ 58.
Kd5 Nf3 59. Rxb3 Nh4 60. Ke5 Kh5 61. Kf4 g5+ 62. Kg3 Nf5+ 63. Kg2 Kg4 64. Rb4+ Kh5 65. Kf3 Nh4+ 66. Kg3 Nf5+ 67. Kf2 Nh4 68. h3 Nf5 69.
Kf3 Ne7 70. Rb7 Nf5 71. Rh7+ Kg6 72. Rh8 Kg7 73. Rc8 Kg6 74. Ke4 Nh4 75. Rc6+ Kh5 76. Rc5 Ng2 77. Rc8 Nh4 78. Rh8+ Kg6 79. Ke5 Kg7 80.
Ra8 Kg6 81. Ke6 Nf3 82. Rg8+ Kh5 83. Kf5 Kh4 84. Rh8+ Kg3 85. Rh6 Kf2 86. Kg4 Kg2 87. Rh5 Nh2+ 88. Kxg5 Kg3 89. Rh8 Nf3+ 90. Kf5 Nh4+ 91. Ke4 Kxh3 92. Kf4 1-0

[Event "*** MasterClass Titled Tuesday Blitz"]
[Site "Chess.com"]
[Date "2017.08.01"]
[Round "3"]
[White "MITerryble"]
[Black "Sven_Tica"]
[Result "1-0"]
[WhiteElo "2678"]
[BlackElo "2379"]
[TimeControl "180+2"]
[EndTime "13:41:56 PDT"]
[Termination "MITerryble won by resignation"]

1. d4 Nf6 2. Nf3 e6 3. c4 b6 4. g3 Bb4+ 5. Nbd2 Bb7 6. Bg2 O-O 7. O-O d5 8. Qc2 Nbd7 9. Rd1 h6 10. Ne5 Nxe5 11. dxe5 Nd7 12. cxd5 exd5 13. Nc4 c6 14. Nd6 Bxd6 15. exd6 Qf6 16. e4 Qxd6 17. Bf4 Qc5 18. Qxc5 Nxc5 19. exd5 cxd5 20. Bxd5 Rad8 21. Bxb7 Nxb7 22.
b4 Rxd1+ 23. Rxd1 Rd8 24. Rc1 Rd7 25. Rc8+ Kh7 26. Ra8 Nd8 27. b5 Ne6 28. Be3 Kg6 29. a4 Kf5 30. Kg2 Ke4 31. Rc8 Rc7 32. Ra8 Kd5 33.
a5 bxa5 34. Bxa7 Kc4 35. Bb6 Rb7 36. Bxa5 Kxb5 37. Bd2 h5 38. h3 Kc6 39. Rh8 g6 40. Rh7 Kd5 41. Bc3 Ke4 42. Rh8 Rc7 43. Bd2 Rc2 44. Be3 Kf5 45. Ra8 Kf6 46. Ra5 Rc4 47. Kf3 Rb4 48. g4 hxg4+ 49. hxg4 Nd4+ 50.
Kg2 Ne6 51. g5+ Kg7 52. Kg3 Rc4 53. Rd5 Kf8 54. f4 Ke7 55. Ra5 Ng7 56. Ra7+ Ke6 57.
Ra6+ Kd5 58. Ra5+ Ke4 59. Re5+ Kd3 60. Kf3 Nf5 61. Bf2 Rc7 62. Rd5+ Kc4 63. Rd1 Re7 64. Rd8 Kc3 65. Bc5 Rc7 66. Bb6 Rb7 67. Bf2 Re7 68.
Rc8+ Kd3 69. Rc1 Kd2 70. Ra1 Rb7 71. Ra2+ Kd3 72. Ra3+ Kd2 73. Ra5 Rb3+ 74. Ke4 Ke2 75. Bc5 Rc3 76. Ra2+ Kd1 77. Ba7 Ng3+ 78. Ke5 Ne2 79.
Bb8 Rc6 80. Ra7 Rc8 81. Bd6 Re8+ 82. Kd5 Nc3+ 83. Kc4 Rc8+ 84. Bc7 Ne2 85. Kd3 Re8 86. Be5 Rd8+ 87. Ke3 Rf8 88. Ra1+ Nc1 89. Bb2 Re8+ 90. Kd4 Rd8+ 91. Ke5 Kc2 92. Bxc1 1-0

[Event "*** MasterClass Titled Tuesday Blitz"]
[Site "Chess.com"]
[Date "2017.08.01"]
[Round "3"]
[White "nutibara"]
[Black "beastfromweast"]
[Result "1/2-1/2"]
[WhiteElo "2239"]
[BlackElo "2279"]
[TimeControl "180+2"]
[EndTime "13:41:56 PDT"]
[Termination "Game drawn - timeout vs insufficient material"]

1. e4 c5 2. Nf3 d6 3. d4 cxd4 4. Nxd4 Nf6 5. Nc3 a6 6. Bc4 e6 7. Bb3 Be7 8. g4 b5 9. g5 Nfd7 10. Bxe6 Bxg5 11. Qh5 Ne5 12. Bxg5 Qb6 13. Be3 g6 14. Qh6 fxe6 15. Qg7 Rf8 16. Nxe6 Nf3+ 17. Kd1 Bxe6 18. Bxb6 Nd7 19. Ba5 Nfe5 20. Ke1 Nf3+ 21.
Ke2 Bc4+ 22. Ke3 Nde5 23. h3 Ng5 24. f4 Ne6 25. Qb7 Rd8 26. Bxd8 Nxd8 27. Qxa6 b4 28. Qa3 bxa3 29. fxe5 axb2 30. Rab1 dxe5 31. Rxb2 Nc6 32.
Rb7 Nd4 33. Rb8+ Ke7 34. Rxf8 Kxf8 35. Kd2 Ke7 36. Rb1 Nf3+ 37. Ke3 Nd4 38. Rb2 Kd6 39. a4 g5 40. a5 h5 41. a6 Bxa6 42. Rb6+ Kc5 43. Rxa6 Nxc2+ 44. Kd2 Nd4 45. Rh6 g4 46. h4 g3 47. Rg6 Nf3+ 48. Kd1 Nxh4 49. Rxg3 Kd4 50.
Kd2 Kc4 51. Ne2 Kc5 52. Ke3 Kc4 53. Nc1 Kc5 54. Kf2 Kd4 55. Rh3 Ng6 56. Rxh5 Kxe4 57.
Ne2 Ne7 58. Rh4+ Kd5 59. Ng3 Nc6 60. Ne4 Nd4 61. Ng5 Nf5 62. Rh3 Nd4 63. Ke3 Nf5+ 64. Kd3 Nd6 65. Rh4 Nf5 66. Rh3 Nd6 67. Re3 Nf5 68.
Re1 Nd6 69. Ne4 Nf5 70. Nc3+ Kd6 71. Rf1 Nd4 72. Ne4+ Kd5 73. Rf6 Ne6 74. Nc3+ Kd6 75. Ke4 Ke7 76. Kxe5 Nd8 77. Nd5+ Kd7 78. Rf4 Nc6+ 79.
Ke4 Kd6 80. Rh4 Kc5 81. Ne3 Kd6 82. Rh5 Ne7 83. Nc4+ Ke6 84. Rh6+ Kf7 85. Ke5 Ng6+ 86. Kd6 Kg7 87. Rh1 Kf6 88. Rf1+ Kg5 89. Ne5 Nf4 90.
Nf7+ Kg4 91. Ne5+ Kg5 92. Nc4 Kf5 1/2-1/2

[Event "*** MasterClass Titled Tuesday Blitz"]
[Site "Chess.com"]
[Date "2017.08.01"]
[Round "3"]
[White "jeaston1"]
[Black "KyronGriffith"]
[Result "1-0"]
[WhiteElo "2201"]
[BlackElo "2337"]
[TimeControl "180+2"]
[EndTime "13:42:32 PDT"]
[Termination "jeaston1 won by checkmate"]

1. d4 Nf6 2. c4 g6 3. Nc3 Bg7 4. e4 d6 5. f3 O-O 6. Be3 c5 7. dxc5 dxc5 8. Qxd8 Rxd8 9. Bxc5 Nc6 10. Nge2 Nd7 11.
Ba3 Nde5 12. Nf4 b6 13. Be2 Ba6 14. Nfd5 Rac8 15. Nxe7+ Nxe7 16. Bxe7 Rd7 17. Nd5 f5 18. O-O Kf7 19. Bb4 Bxc4 20. Rac1 Bh6 21. Rc3 a5 22.
Ba3 Rc6 23. Bxc4 Rxc4 24. Nxb6 Rxc3 25. Nxd7 Nxf3+ 26. gxf3 Rc2 27. Ne5+ Ke6 28. Nd3 Rd2 29. Nf2 Be3 30. b4 axb4 31. Bxb4 Rxa2 32. exf5+ Kxf5 33. Be1 g5 34. Kh1 h5 35. Ne4 Bf4 36. Bg3 Be3 37.
Rd1 Ra5 38. Nc3 h4 39. Be1 Ra3 40. Ne4 Kf4 41. Bf2 Bxf2 42. Nxf2 Kxf3 43. Nh3 Kg4 44. Nf2+ Kf3 45. Nd3 g4 46. Ne5+ Kf4 47. Re1 Ra2 48. Ng6+ Kg5 49. Ne5 Kf4 50. Nd3+ Kf3 51. Rg1 g3 52.
Ne1+ Kg4 53. Ng2 Re2 54. h3+ Kf3 55. Rf1+ Ke4 56. Rf4+ Ke5 57. Rxh4 Rf2 58. Ne3 Re2 59. Nc4+ Kf5 60. Kg1 Ra2 61. Rg4 Ra1+ 62. Kg2 Ra2+ 63. Kxg3 Kf6 64. Ne3 Ra1 65. Ng2 Ra3+ 66. Kh2 Ra8 67.
Rg3 Kf5 68. Rf3+ Kg5 69. Kg3 Ra4 70. h4+ Kh5 71. Nf4+ Kh6 72. Re3 Ra1 73. Kg4 Rg1+ 74. Rg3 Ra1 75. Kh3 Rh1+ 76. Kg4 Ra1 77. Kf3 Rf1+ 78. Ke4 Re1+ 79. Kf5 Ra1 80. Rg6+ Kh7 81. Re6 Rg1 82. h5 Rg3 83. Rg6 Ra3 84. Re6 Rg3 85. Nd5 Rg1 86. Nf6+ Kg7 87. Ng4 Ra1 88. Re7+ Kf8 89. Rb7 Rg1 90. h6 Kg8 91. Nf6+ Kf8 92. Ne4 Rf1+ 93. Ke6 Kg8 94. Nf6+ Kf8 95. Rb8# 1-0

[Event "*** MasterClass Titled Tuesday Blitz"]
[Site "Chess.com"]
[Date "2017.08.01"]
[Round "3"]
[White "Astaneh"]
[Black "nekochabo"]
[Result "0-1"]
[WhiteElo "2415"]
[BlackElo "2527"]
[TimeControl "180+2"]
[EndTime "13:43:21 PDT"]
[Termination "nekochabo won on time"]

1. e4 c5 2. Nf3 e6 3. g3 Nc6 4. Bg2 d6 5. O-O Nf6 6. Re1 Be7 7. c3 O-O 8. d4 d5 9. exd5 Nxd5 10. dxc5 Bxc5 11.
Nbd2 b5 12. a4 b4 13. Nb3 Bd6 14. c4 Nde7 15. Nfd4 Bb7 16. Nb5 Bc7 17. Qxd8 Bxd8 18. Nc5 Bc8 19. Bf4 a6 20. Nd6 Bb6 21. Nd3 Ra7 22. c5 Ba5 23. Nc4 Bd8 24. Bd6 Nd4 25.
Rad1 f6 26. Nxb4 e5 27. Bxe7 Bxe7 28. Nc6 Nxc6 29. Bxc6 Bxc5 30. Bd5+ Kh8 31. Rc1 Bd4 32.
b4 Bd7 33. Nd6 g6 34. b5 axb5 35. axb5 Kg7 36. Bc6 Bh3 37. Bg2 Be6 38. Rcd1 Ra2 39. Rxd4 exd4 40. Rxe6 Ra1+ 41. Bf1 d3 42. Nc4 Rc8 43. Rc6 Rxc6 44. bxc6 Rc1 45. Nd2 Rxc6 46. Kg2 Rc2 47. Nf3 d2 48. Be2 Rc1 49. Nxd2 Rc2 50.
Bf3 Rxd2 51. h4 f5 52. Bc6 Kf6 53. Bf3 Ke5 54. Bc6 Rc2 55. Ba4 Ra2 56. Bb3 Rb2 57.
Bg8 h6 58. Bf7 Kf6 59. Be8 g5 60. hxg5+ hxg5 61. Bc6 Ke5 62. Bd7 Rc2 63. Ba4 Rb2 64. Bc6 Ra2 65. Bb5 Kd4 66. Bd7 Ra5 67. Kf3 Ke5 68. Bc8 Ra3+ 69. Kg2 Rb3 70. Bd7 f4 71. gxf4+ Kxf4 72. Be6 Rb2 73. Kf1 Rd2 74. Bc8 Rc2 75. Bb7 g4 76. Ba8 Rb2 77. Bc6 Kg5 78. Kg2 Kh4 79.
Kf1 Kh3 80. Bg2+ Kh2 81. Bc6 Rb1+ 82. Ke2 Kg1 83. Bd7 Rb4 84. Ke3 Kf1 85. Bc8 Kg2 86. Bd7 Kh2 87. Bc8 Rc4 88. Be6 Rc3+ 89. Kf4 Kg2 90.
Kxg4 Kxf2 91. Kf4 Ra3 92. Ke4 Ra4+ 93. Kf5 Kf3 94. Bd5+ Ke3 95. Kg6 Ra5 96. Bf7 Kf4 97. Kg7 Kg5 98. Kh8 Kf6 99. Bg8 Kg6 100. Bh7+ Kf7 101. Bg8+ Kf8 102. Bh7 Rg5 103. Bd3 Rg3 104. Bh7 Kf7 105. Bc2 Rc3 106. Bf5 Kf6 107. Bh7 Rc7 108. Bg8 Kg6 109. Bb3 Rc3 110. Be6 Re3 111. Bg8 Rh3+ 0-1

[Event "*** MasterClass Titled Tuesday Blitz"]
[Site "Chess.com"]
[Date "2017.08.01"]
[Round "4"]
[White "abubakrtagelsir"]
[Black "Cryptochess"]
[Result "1/2-1/2"]
[WhiteElo "2303"]
[BlackElo "2457"]
[TimeControl "180+2"]
[EndTime "13:44:53 PDT"]
[Termination "Game drawn by agreement"]

1. e4 d6 2. d4 Nf6 3. Nc3 g6 4. f4 Bg7 5. Nf3 c5 6. Bb5+ Bd7 7. e5 Ng4 8. e6 fxe6 9. Ng5 Bxb5 10. Nxe6 Bxd4 11.
Nxd8 Bf2+ 12. Kd2 1/2-1/2

[Event "*** MasterClass Titled Tuesday Blitz"]
[Site "Chess.com"]
[Date "2017.08.01"]
[Round "4"]
[White "GMMarcinDziuba"]
[Black "DavidMarkosyan"]
[Result "1-0"]
[WhiteElo "2534"]
[BlackElo "2493"]
[TimeControl "180+2"]
[EndTime "13:46:01 PDT"]
[Termination "GMMarcinDziuba won by resignation"]

1. d4 Nf6 2. c4 g6 3. Nc3 Bg7 4. e4 d6 5. Nf3 O-O 6. h3 Na6 7. Be3 e5 8. d5 Nd7 9. g4 Ndc5 10. Rg1 Kh8 11. a3 f5 12. b4 Nxe4 13. Nxe4 fxe4 14. Ng5 Rf4 15. Bxf4 Qf6 16. Be3 Bd7 17. Nxe4 1-0

[Event "*** MasterClass Titled Tuesday Blitz"]
[Site "Chess.com"]
[Date "2017.08.01"]
[Round "4"]
[White "pawnwonder"]
[Black "renanreis"]
[Result "0-1"]
[WhiteElo "1877"]
[BlackElo "2064"]
[TimeControl "180+2"]
[EndTime "13:46:46 PDT"]
[Termination "renanreis won by resignation"]

1. e4 c5 2. Nf3 d6 3. c3 Nf6 4.
Be2 g6 5. O-O Bg7 6. Bb5+ Bd7 7.
Bxd7+ Nbxd7 8. Re1 O-O 9. d4 e5 10. dxe5 dxe5 11. Be3 Nxe4 12. Qc2 f5 13. c4 Qe7 14. Nc3 Nxc3 15. Qxc3 e4 16. Bg5 Qf7 0-1

[Event "*** MasterClass Titled Tuesday Blitz"]
[Site "Chess.com"]
[Date "2017.08.01"]
[Round "4"]
[White "Quiet_Desperation"]
[Black "Jahonas"]
[Result "0-1"]
[WhiteElo "2097"]
[BlackElo "2196"]
[TimeControl "180+2"]
[EndTime "13:47:36 PDT"]
[Termination "Jahonas won by resignation"]

1. e4 c6 2. Nc3 d5 3. Nf3 dxe4 4.
Nxe4 Nf6 5. Nxf6+ exf6 6. d4 Bd6 7. Bd3 O-O 8. Be3 Bg4 9. c3 Qc7 10. Qc2 h6 11. h3 Bxf3 12. gxf3 Bf4 13. O-O-O Nd7 14.
Kb1 Rfe8 15. Rde1 Nf8 16. Rhg1 g5 17. h4 Kg7 18. hxg5 hxg5 19. Rh1 Ng6 20. Be4 Rh8 21.
Qb3 Rh4 22. Rxh4 Nxh4 23. Bxf4 Qxf4 24. Qxb7 Rb8 25. Qa6 Qd2 26. Re2 Rxb2+ 27. Ka1 Qc1+ 0-1

[Event "*** MasterClass Titled Tuesday Blitz"]
[Site "Chess.com"]
[Date "2017.08.01"]
[Round "4"]
[White "dmjjmd"]
[Black "GasconJR"]
[Result "0-1"]
[WhiteElo "2152"]
[BlackElo "2346"]
[TimeControl "180+2"]
[EndTime "13:47:55 PDT"]
[Termination "GasconJR won by resignation"]

1. e4 c5 2. Nf3 d6 3. d4 cxd4 4. Nxd4 Nf6 5. Nc3 a6 6. Bc4 e6 7. Bb3 Nbd7 8. f4 Nc5 9. e5 dxe5 10. fxe5 Nfd7 11. Bf4 g5 12. Bg3 h5 13. O-O h4 14. Qf3 Rh7 15. Rad1 hxg3 16. Nxe6 Nxe6 17. Bxe6 Qb6+ 0-1

[Event "*** MasterClass Titled Tuesday Blitz"]
[Site "Chess.com"]
[Date "2017.08.01"]
[Round "4"]
[White "DrHolmes13"]
[Black "backreg"]
[Result "1-0"]
[WhiteElo "2369"]
[BlackElo "2377"]
[TimeControl "180+2"]
[EndTime "13:48:25 PDT"]
[Termination "DrHolmes13 won by resignation"]

1. d4 c5 2. d5 d6 3. c4 e5 4.
Nc3 Nf6 5. e4 Be7 6. Be2 Nbd7 7.
Nf3 Nf8 8. O-O Ng6 9. a3 O-O 10. b4 Ne8 11. Be3 f5 12. exf5 Bxf5 13. bxc5 dxc5 14.
Nd2 Nf4 15. Bg4 Bg6 16. g3 Nd3 17. Nde4 Nb2 18. Qb3 Qb6 19. Qa2 Nd6 20. Bxc5 Nxe4 21. Bxb6 Nxc3 22. Qxb2 1-0

[Event "*** MasterClass Titled Tuesday Blitz"]
[Site "Chess.com"]
[Date "2017.08.01"]
[Round "4"]
[White "moventog"]
[Black "Astaneh"]
[Result "1-0"]
[WhiteElo "2354"]
[BlackElo "2398"]
[TimeControl "180+2"]
[EndTime "13:48:29 PDT"]
[Termination "moventog won by resignation"]

1. e4 e5 2. Nf3 Nc6 3. Bb5 f5 4.
Nc3 fxe4 5. Nxe4 Nf6 6. Qe2 d5 7. Nxf6+ gxf6 8. d4 Bg7 9. dxe5 O-O 10. Bxc6 bxc6 11.
e6 Re8 12. O-O Bxe6 13. Nd4 Bd7 14. Qf3 Re4 15. Nf5 Re5 16. Nxg7 Kxg7 17. Be3 Qe8 18. Bd4 Rf5 19. Qg3+ Kh8 20. Rfe1 Qg6 21. Qxc7 Rg8 22. g3 Qg7 23. Qd6 1-0

[Event "*** MasterClass Titled Tuesday Blitz"]
[Site "Chess.com"]
[Date "2017.08.01"]
[Round "4"]
[White "nihalsarin"]
[Black "MateusViageiro"]
[Result "1-0"]
[WhiteElo "2612"]
[BlackElo "2304"]
[TimeControl "180+2"]
[EndTime "13:48:39 PDT"]
[Termination "nihalsarin won by resignation"]

1. e4 c5 2. Nf3 d6 3. d4 cxd4 4. Nxd4 Nf6 5. Nc3 a6 6. Bg5 e6 7.
f4 Be7 8. Qf3 Qc7 9. O-O-O Nbd7 10. g4 b5 11. Bxf6 Nxf6 12. g5 Nd7 13. f5 Bxg5+ 14.
Kb1 Ne5 15. Qg3 Bf6 16. Bh3 b4 17. Nce2 exf5 18. Nf4 O-O 19. exf5 Bb7 20. Nh5 Qd8 21. Rhg1 g6 22. fxg6 hxg6 23. Rdf1 Bh4 24. Qf4 Bc8 25. Qh6 1-0

[Event "*** MasterClass Titled Tuesday Blitz"]
[Site "Chess.com"]
[Date "2017.08.01"]
[Round "4"]
[White "YaWaleriy"]
[Black "Kanthecarowin"]
[Result "0-1"]
[WhiteElo "2204"]
[BlackElo "2316"]
[TimeControl "180+2"]
[EndTime "13:48:57 PDT"]
[Termination "Kanthecarowin won by checkmate"]

1. d4 Nf6 2. c4 g6 3. Nc3 Bg7 4. e4 d6 5. Be2 O-O 6. Nf3 e5 7. d5 a5 8. Bg5 h6 9. Bh4 Na6 10. Nd2 g5 11. Bg3 Qe8 12. O-O Bd7 13. b3 h5 14.
Bxh5 g4 15. Bxg4 Bxg4 16. f3 Bd7 17. a3 Nh5 18. Bf2 f5 19. Rb1 Qg6 20. exf5 Rxf5 21. Nde4 Nf4 22. Ng3 Rh5 23. Re1 Rf8 24. b4 axb4 25. axb4 Bh3 26. gxh3 Nxh3+ 27. Kg2 Nxf2 28. Kxf2 Rxh2+ 29. Ke3 Qxg3 30. Rg1 Qf4+ 31. Kd3 Nxb4+ 32. Rxb4 Qd4# 0-1

[Event "*** MasterClass Titled Tuesday Blitz"]
[Site "Chess.com"]
[Date "2017.08.01"]
[Round "4"]
[White "grzechu96"]
[Black "OldweakGM"]
[Result "0-1"]
[WhiteElo "2401"]
[BlackElo "2605"]
[TimeControl "180+2"]
[EndTime "13:49:21 PDT"]
[Termination "OldweakGM won by resignation"]

1. e4 c5 2. Nf3 d6 3. d4 cxd4 4. Nxd4 Nf6 5. Nc3 a6 6. Be3 e6 7. f3 b5 8. Qd2 Nbd7 9. g4 Nb6 10. a4 b4 11. Na2 d5 12. g5 Nfd7 13. Nxb4 dxe4 14.
a5 Bxb4 15. Qxb4 Nd5 16. Qd2 exf3 17. Bf2 O-O 18. Bc4 Bb7 19. O-O-O Rc8 20. Bb3 Nc5 21. Kb1 Ne4 22. Qe1 Qxg5 23. Rg1 Qf6 24. Bh4 Qf4 25. Nxf3 Qxf3 26. Rd3 Qf4 27. Qe2 Qxh4 28. Rg4 Nf4 0-1

[Event "*** MasterClass Titled Tuesday Blitz"]
[Site "Chess.com"]
[Date "2017.08.01"]
[Round "4"]
[White "lukas_111111"]
[Black "MMSANCHEZ"]
[Result "1-0"]
[WhiteElo "2426"]
[BlackElo "2302"]
[TimeControl "180+2"]
[EndTime "13:49:32 PDT"]
[Termination "lukas_111111 won by checkmate"]

1. e4 e6 2. d4 d5 3. Nc3 Bb4 4. e5 c5 5. a3 Bxc3+ 6. bxc3 Qa5 7. Bd2 Qa4 8. Qb1 c4 9. Nh3 Nc6 10. Nf4 g6 11. h4 Bd7 12. h5 g5 13.
Nh3 h6 14. f4 g4 15. Nf2 g3 16.
Ng4 O-O-O 17. Be2 Nge7 18. Ne3 Rdf8 19. O-O Qa5 20. Bg4 Qd8 21. Bh3 f6 22. Ng4 fxe5 23. fxe5 Rxf1+ 24. Qxf1 Nf5 25. Nf6 Rf8 26. Bxf5 exf5 27.
Bxh6 Rf7 28. Qf4 Qh8 29. Bg5 Nd8 30. Qxg3 Bc6 31. Qf3 Kb8 32. Qxf5 Ka8 33. Qc8# 1-0